 Dungeon Crawl Stone Soup version 0.21.1-1-g345015f (webtiles) character file.

5185 nicolaieve the Basher (level 10, 0/83 HPs)
             Began as a Minotaur Berserker on July 31, 2018.
             Was an Elder of Trog.
             Slain by a killer bee (6 damage)
             ... on level 8 of the Dungeon.
             The game lasted 00:26:19 (5365 turns).

nicolaieve the Basher (Minotaur Berserker)          Turns: 5365, Time: 00:26:20

Health: 0/83       AC: 17    Str: 21    XL:     10   Next: 34%
Magic:  9/9        EV:  6    Int:  8    God:    Trog [****..]
Gold:   372        SH: 15    Dex: 14    Spells: 9/9 levels left

rFire    . . .     SeeInvis .   r - +0 whip
rCold    . . .     Gourm    .   x - +0 shield
rNeg     . . .     Faith    .   z - +0 plate armour
rPois    .         Spirit   .   (helmet restricted)
rElec    .         Reflect  +   (no cloak)
rCorr    .         Harm     .   p - +0 pair of gloves
MR       ++...                  (no boots)
Stlth    ..........             b - +2 amulet of reflection
HPRegen  1.23/turn              e - +4 ring of intelligence
MPRegen  0.11/turn              s - +4 ring of protection

@: lethally poisoned (0 -> -12), berserk cooldown, regenerating, slowed, very
slow
A: retaliatory headbutt, horns 2
a: Berserk, Trog's Hand, Brothers in Arms, Burn Spellbooks, Renounce Religion


You were on level 8 of the Dungeon.
You worshipped Trog.
Trog was greatly pleased with you.
You were hungry.

You visited 1 branch of the dungeon, and saw 8 of its levels.

You collected 372 gold pieces.

Inventory:

Hand Weapons
 r - a +0 whip (weapon)
Armour
 p - a +0 pair of gloves (worn)
 x - a +0 shield (worn)
 z - a +0 plate armour (worn)
Jewellery
 b - a +2 amulet of reflection (around neck)
 e - a +4 ring of intelligence (left hand)
 s - a +4 ring of protection (right hand)
 C - an uncursed ring of stealth {unknown}
Wands
 D - a wand of digging (9)
Scrolls
 d - 3 scrolls of fear {unknown}
 g - 2 scrolls of fog {unknown}
 h - a scroll of amnesia {unknown}
 i - 4 scrolls of remove curse {unknown}
 k - 11 scrolls of identify {unknown}
 m - 4 scrolls of blinking {unknown}
 q - a scroll of vulnerability {unknown}
 t - a scroll of noise {unknown}
 u - a scroll of enchant armour {unknown}
 v - a scroll of magic mapping {unknown}
 w - 2 scrolls of teleportation {unknown}
 y - a scroll of random uselessness {unknown}
Potions
 a - 3 potions of heal wounds {unknown}
 f - 3 potions of mutation {unknown}
 j - 4 potions of might {unknown}
 l - 4 potions of curing {unknown}
 n - 2 potions of brilliance {unknown}
 o - 2 potions of agility {unknown}
 A - a potion of flight {unknown}
 B - a potion of haste {unknown}
Comestibles
 c - 16 rations
 E - 9 chunks of flesh


   Skills:
 + Level 6.2 Fighting
 - Level 12.1 Maces & Flails
 + Level 5.0 Armour
 - Level 2.1 Dodging
 * Level 12.0 Shields


You had 9 spell levels left.
You didn't know any spells.

Dungeon Overview and Level Annotations

Branches:
Dungeon (8/15)             Temple (0/1) D:5
   Lair: D:8-11

Altars:
Ashenzari
Elyvilon
Hepliaklqana
Kikubaaqudgha
Makhleb
Nemelex Xobeh
Okawaru
Ru
Trog
Vehumet
Yredelemnul

Annotations:
D:3 1 transporter


Innate Abilities, Weirdness & Mutations

You reflexively headbutt those who attack you in melee.
You have a pair of horns on your head.


Message History

The killer bee stings you.
* * * LOW HITPOINT WARNING * * *
You are more poisoned.
The killer bee poisons you! You block the killer bee's attack.
A worker ant comes into view.
Your skin crawls.
You feel resistant to hostile enchantments.
You feel somewhat more hungry.
* * * LOW HITPOINT WARNING * * *
You feel very sick.
The killer bee stings you but does no damage.
You block the killer bee's attack. x4; The killer bee closely misses you.
You furiously retaliate!
You headbutt the killer bee, but do no damage.
The killer bee stings you but does no damage. x3
The killer bee stings you.
* * * LOW HITPOINT WARNING * * *
The killer bee stings you but does no damage.
The killer bee closely misses you. The killer bee stings you.
You die...

#.#.# #.#.#
#.#.# #.#.#
######.#.#
.......#y###.##
#.yyyyy....#
#.yy@yy....#
#..yyy......
#...l.......
#F.........#
.............
#.#..........#
a.............#
.........######


You could see a bullfrog, a worker ant, 13 killer bees and a leopard gecko.

Vanquished Creatures
  2 two-headed ogres
  The ghost of TheNamelessOne the Changer, a novice OpTm of Cheibriados (D:7)
  The ghost of nicolaieve the Basher, a novice MiBe of Trog (D:6)
  A manticore (D:7)
  The ghost of Lilu the Destroyer, a novice DECj (D:4)
  A hippogriff (D:3)
  Sigmund (D:5)
  A hungry ghost (D:7)
  Menkaure (D:6)
  2 ice beasts
  An orc warrior (D:6)
  A sky beast (D:7)
  A black bear (D:7)
  2 ogres
  A centaur (D:5)
  A bullfrog (D:6)
  A gnoll sergeant (D:7)
  A scorpion (D:7)
  2 killer bees (D:8)
  A howler monkey (D:4)
  2 bullfrog zombies
  2 hounds
  A jelly (D:7)
  4 orc wizards
  A bullfrog skeleton (D:6)
  Jessica (D:2)
  5 worker ants
  9 gnolls
  9 adders
  2 shadow imps
  An ooze (D:1)
  An adder skeleton (D:7)
  2 dart slugs
  4 leopard geckos
  19 orcs
  3 ball pythons
  3 giant cockroaches
  5 goblins
  6 hobgoblins
  8 jackals
  6 quokkas
  4 bats
  4 frilled lizards
  8 kobolds
  10 rats
  A bush (D:5)
145 creatures vanquished.

Vanquished Creatures (others)
  A centaur (D:5)
1 creature vanquished.

Grand Total: 146 creatures vanquished

Notes
Turn   | Place    | Note
-------+----------+-------------------------------------------
     0 | D:1      | nicolaieve the Minotaur Berserker began the quest for the Orb.
     0 | D:1      | Reached XP level 1. HP: 19/19 MP: 0/0
   143 | D:1      | Reached XP level 2. HP: 14/26 MP: 1/1
   150 | D:1      | You fall through a shaft!
   359 | D:1      | Reached skill level 5 in Maces & Flails
   403 | D:1      | Reached ** piety under Trog
   421 | D:1      | Reached XP level 3. HP: 27/31 MP: 2/2
   841 | D:2      | Noticed Jessica
   847 | D:2      | Killed Jessica
   847 | D:2      | Reached XP level 4. HP: 22/39 MP: 3/3
  1165 | D:2      | Found an ancient bone altar of Kikubaaqudgha.
  1736 | D:3      | Found a sparkling altar of Nemelex Xobeh.
  1736 | D:3      | Found a transporter.
  1792 | D:3      | Noticed a hippogriff
  1802 | D:3      | Killed a hippogriff
  1802 | D:3      | Reached XP level 5. HP: 30/45 MP: 4/4
  1802 | D:3      | Reached XP level 6. HP: 34/51 MP: 5/5
  1897 | D:3      | Reached *** piety under Trog
  2604 | D:4      | Noticed Lilu's ghost (novice DECj)
  2611 | D:4      | Killed Lilu's ghost
  2611 | D:4      | Reached skill level 10 in Maces & Flails
  2611 | D:4      | Reached XP level 7. HP: 57/57 MP: 6/6
  2625 | D:4      | Found a basalt altar of Yredelemnul.
  2625 | D:4      | Found a burning altar of Makhleb.
  2737 | D:4      | Found a bloodstained altar of Trog.
  2891 | D:5      | Entered Level 5 of the Dungeon
  2930 | D:5      | Found a staircase to the Ecumenical Temple.
  3024 | D:5      | Reached XP level 8. HP: 66/66 MP: 7/7
  3147 | D:5      | Noticed Sigmund
  3160 | D:5      | Killed Sigmund
  3160 | D:5      | Reached skill level 1 in Shields
  3225 | D:5      | Found a sacrificial altar of Ru.
  3228 | D:5      | Found a hazy altar of Hepliaklqana.
  3231 | D:5      | Found a white marble altar of Elyvilon.
  3501 | D:5      | Found a shattered altar of Ashenzari.
  3797 | D:6      | Noticed nicolaieve's ghost (novice MiBe)
  3807 | D:6      | Killed nicolaieve's ghost
  3885 | D:6      | Noticed Menkaure
  3893 | D:6      | Killed Menkaure
  4085 | D:6      | Reached XP level 9. HP: 71/71 MP: 8/8
  4086 | D:6      | Found an iron altar of Okawaru.
  4090 | D:6      | Found a radiant altar of Vehumet.
  4627 | D:7      | Reached **** piety under Trog
  4660 | D:7      | Noticed a manticore
  4668 | D:7      | Killed a manticore
  4890 | D:7      | Noticed TheNamelessOne's ghost (novice OpTm)
  4904 | D:7      | Killed TheNamelessOne's ghost
  4904 | D:7      | Reached skill level 5 in Fighting
  4904 | D:7      | Reached skill level 10 in Shields
  5036 | D:7      | Noticed a two-headed ogre
  5045 | D:7      | Killed a two-headed ogre
  5045 | D:7      | Reached XP level 10. HP: 83/83 MP: 9/9
  5339 | D:8      | Noticed a two-headed ogre
  5357 | D:8      | Killed a two-headed ogre
  5357 | D:8      | Reached skill level 5 in Armour
  5365 | D:8      | Slain by a killer bee

Skill      XL: |  1  2  3  4  5  6  7  8  9 10 |
---------------+-------------------------------+-----
Maces & Flails | 4 5 6 8 10 11 12 | 12.1
Shields        | 7 10 12 | 12.0
Fighting       | 5 6 |  6.2
Armour         | 4 5 |  5.0
Dodging        | |  2.1

Action                   |  1- 3 |  4- 6 |  7- 9 | 10-12 || total
-------------------------+-------+-------+-------+-------++-------
Melee: Mace              |    61 |    12 |       |       ||    73
       Headbutt          |     7 |    27 |    76 |    14 ||   124
       Whip              |       |   122 |   267 |    96 ||   485
Invok: Berserk           |       |     2 |     5 |     2 ||     9
       Trog's Hand       |       |       |     1 |     1 ||     2
  Eat: Chunk             |       |     7 |    12 |     4 ||    23
Armor: Animal skin       |     6 |     2 |       |       ||     8
       Chain mail        |       |    66 |    23 |       ||    89
       Plate armour      |       |       |    24 |    50 ||    74
Dodge: Dodged            |    37 |    53 |    29 |    25 ||   144
Block: Other             |       |     7 |     1 |       ||     8
       Shield            |       |       |    83 |    75 ||   158
       Reflection        |       |       |    11 |       ||    11
